Map: Tropical Sacrifice

Players

HOHOHO - Winner!

  • Race: Terran Terran
  • Spawn Location: 7:00

Saturnsniper

  • Race: Protoss Protoss
  • League: Silver
  • Spawn Location: 1:00

VOD

Have the link to the VOD?

Description

Time

  • Played on: July 23, 2022, 5:36 a.m.
  • Length: 10:46
Show
View Real Time Build Order
Export as new Build Order

HOHOHO Terran - Winner!

Build Orders: Cyclone Opening, Gas First Reaper Expand, Mech 

Get SALT Encoding   

  12  0:00  SCV  
  13  0:12  SCV  
  14  0:17  Supply Depot  
  14  0:24  SCV  
  15  0:29  Refinery  
  15  0:39  SCV  
  16  0:45  Barracks  
  16  0:51  SCV  
  17  1:03  SCV  
  18  1:15  SCV  
  19  1:33  Orbital Command, Reaper  
  20  1:45  Command Center  
  20  1:57  Factory  
  20  2:02  SCV  
  21  2:09  Marine  
  21  2:13  Supply Depot  
  22  2:21  Refinery, SCV  
  23  2:28  Barracks Tech Lab  
  23  2:34  SCV  
  24  2:50  SCV  
  25  2:52  Barracks Reactor  
  25  2:57  Cyclone  
  28  3:02  Orbital Command  
  28  3:03  SCV  
  29  3:15  SCV  
  30  3:20  Command Center  
  30  3:26  Bunker  
  30  3:28  Marine  
  30  3:29  Marine  
  32  3:39  Siege Tank  
  32  3:40  SCV  
  32  3:41  SCV  
  37  3:49  Marine x2  
  37  3:53  SCV x2  
  41  3:57  Supply Depot  
  41  4:03  Armory  
  41  4:05  SCV  
  41  4:09  Marine x2  
  44  4:19  Supply Depot, Siege Tank  
  44  4:20  SCV  
  44  4:23  SCV  
  48  4:33  Refinery  
  48  4:34  Supply Depot, Refinery  
  48  4:44  Orbital Command, Marine  
  48  4:45  Marine  
  50  4:46  SCV x2  
  50  4:51  Terran Vehicle Weapons Level 1  
  52  4:57  Siege Tank  
  52  4:58  SCV  
  56  5:02  Supply Depot  
  56  5:03  SCV  
  57  5:13  Factory  
  57  5:16  Factory  
  57  5:18  Barracks Tech Lab  
  57  5:20  SCV x2  
  59  5:23  SCV  
  59  5:28  Engineering Bay  
  60  5:33  SCV x2  
  62  5:36  Siege Tank  
  62  5:42  Infernal Pre-Igniter  
  65  5:46  Supply Depot, SCV x2  
  65  5:47  SCV  
  68  5:58  Orbital Command, SCV x2, Missile Turret  
  68  5:59  Hellion  
  68  6:02  Hellion  
  74  6:08  Siege Tank  
  74  6:10  SCV  
  74  6:11  Siege Tank  
  80  6:18  SCV  
  81  6:27  SCV x2  
  81  6:30  SCV  
  84  6:34  Barracks Reactor  
  84  6:35  Factory, Hellion x2  
  84  6:36  Factory  
  84  6:38  Supply Depot  
  84  6:39  SCV x2  
  90  6:42  SCV  
  90  6:46  Missile Turret  
  91  6:50  Supply Depot  
  91  6:51  Supply Depot, SCV x2  
  91  6:53  Siege Tank  
  96  6:56  Terran Vehicle Weapons Level 2  
  96  7:00  SCV  
  97  7:03  SCV  
  97  7:06  Refinery x2  
  97  7:07  SCV  
  99  7:12  Supply Depot  
  99  7:13  SCV  
  100  7:18  Starport  
  100  7:21  Smart Servos, Factory Tech Lab  
  100  7:22  Barracks Reactor  
  100  7:23  Siege Tank  
  100  7:24  Hellion  
  100  7:25  Hellion  
  100  7:26  SCV  
  100  7:27  SCV  
  110  7:30  SCV  
  110  7:35  Supply Depot  
  110  7:38  Supply Depot, SCV  
  110  7:39  SCV  
  112  7:45  Hellion x2, Siege Tank x2  
  112  7:46  Hellion  
  112  7:50  SCV x2  
  112  7:51  SCV  
  127  7:55  Starport Tech Lab  
  127  8:02  Command Center  
  127  8:05  Hellion, Siege Tank  
  132  8:06  Supply Depot  
  132  8:12  Hellion x3  
  137  8:14  Raven  
  139  8:23  Factory  
  139  8:24  Factory  
  139  8:25  Factory, Hellion x2  
  142  8:37  Hellion x2, Supply Depot  
  142  8:38  Hellion x2, Supply Depot, Siege Tank  
  142  8:40  Mag-Field Accelerator  
  153  8:44  Armory  
  153  8:50  Missile Turret  
  153  8:51  Missile Turret  
  153  8:53  Missile Turret  
  153  8:55  Missile Turret  
  153  8:57  Missile Turret  
  153  8:59  Missile Turret  
  153  9:09  Siege Tank  
  156  9:14  Factory Tech Lab  
  160  9:17  Hellion x2, Siege Tank x2  
  160  9:20  Starport Reactor  
  165  9:27  Hellion  
  165  9:29  Hellion  
  172  9:32  Hellion x2  
  172  9:34  Siege Tank  
  178  9:46  Hellion x2, Siege Tank  
  182  10:09  Siege Tank  
  182  10:10  Hellion, Siege Tank  
  182  10:11  Hellion  
  187  10:22  Hellion x3  
  196  10:29  SCV x3  
Show
View Real Time Build Order
Export as new Build Order

Saturnsniper Protoss 

Build Orders:  

Get SALT Encoding   

  12  0:15  Pylon  
  12  0:19  Probe (Chrono Boost)  
  14  0:29  Probe (Chrono Boost)  
  14  0:34  Gateway  
  14  0:39  Assimilator  
  14  0:45  Probe  
  15  0:57  Probe  
  16  1:07  Gateway  
  16  1:09  Probe (Chrono Boost)  
  17  1:21  Probe (Chrono Boost)  
  18  1:26  Probe (Chrono Boost)  
  18  1:27  Zealot  
  21  1:36  Probe  
  21  1:37  Pylon  
  22  1:48  Probe  
  23  1:55  Zealot, Cybernetics Core  
  25  2:02  Assimilator  
  25  2:10  Zealot  
  27  2:20  Pylon  
  27  2:22  Pylon  
  27  2:35  Stalker (Chrono Boost)  
  30  2:45  Stalker (Chrono Boost)  
  30  2:47  Warp Gate  
  29  3:16  Probe (Chrono Boost)  
  30  3:20  Stalker x2  
  30  3:26  Probe (Chrono Boost)  
  35  3:31  Probe (Chrono Boost)  
  34  3:42  Probe  
  35  3:54  Probe  
  36  4:07  Nexus  
  36  4:10  Twilight Council  
  36  4:13  Probe  
  37  4:25  Probe  
  38  5:06  Charge (Chrono Boost)  
  38  5:14  Dark Shrine  
  38  5:19  Probe (Chrono Boost)  
  39  5:26  Probe (Chrono Boost)  
  41  5:29  Probe (Chrono Boost)  
  41  5:33  Stalker  
  41  5:34  Probe (Chrono Boost), Stalker  
  46  5:37  Probe (Chrono Boost)  
  46  5:39  Probe (Chrono Boost)  
  48  5:45  Probe  
  49  5:50  Probe  
  50  5:57  Probe  
  50  6:02  Probe  
  51  6:22  Stalker  
  51  6:23  Stalker  
  55  6:33  Gateway  
  55  6:35  Gateway  
  55  6:39  Probe (Chrono Boost), Pylon  
  56  6:47  Probe (Chrono Boost)  
  57  6:49  Assimilator  
  57  6:50  Probe (Chrono Boost)  
  59  6:54  Probe (Chrono Boost), Assimilator  
  59  6:57  Probe (Chrono Boost)  
  59  6:59  Probe (Chrono Boost)  
  61  7:05  Probe  
  62  7:10  Dark Templar x2, Probe  
  67  7:17  Probe  
  69  7:22  Probe  
  69  7:23  Pylon  
  69  7:26  Pylon  
  69  7:29  Pylon  
  70  7:30  Probe  
  70  7:31  Pylon  
  70  7:34  Pylon  
  70  7:39  Pylon  
  70  7:41  Pylon  
  70  7:42  Probe  
  71  7:45  Dark Templar x2  
  71  7:46  Dark Templar x2  
  66  8:37  Blink  
  66  8:43  Robotics Facility  
  66  8:46  Dark Templar  
  66  8:47  Dark Templar x3  
  66  9:20  Assimilator  
  66  9:21  Assimilator  
  66  9:26  Stalker x2  
  66  9:27  Stalker x2  
  66  9:30  Nexus  
  71  9:51  Immortal  
  75  9:55  Zealot  
  75  9:56  Zealot x3  
  24  10:23  Zealot  
  24  10:24  Zealot x3  
Tags
 
Add a new tag
Caveats
  • Supply blocks, unpowered buildings, or Contaminate may cause inaccurate times.
  • Supply counts are checked every 10 seconds.